AoeStats
← Noël Flantier

Arabia

507521764Analyzed
1v1 RM · 15d ago on Sep 18, 2026· 40m 57s· 2 players
Game mode
Random Map
Map size
Tiny (2 player)
Population
200
Speed
Normal
Resources
Standard
Victory
Conquest
Starting age
Dark Age
Ending age
Imperial Age
RankedLock teamsTeams togetherTeam positionsShared explorationLock speedFull tech treeHidden civsTurbo modeCheats
Victory
Defeat
🇫🇷 Maya · France
1411
+15
🇬🇧 Goths · United Kingdom
1390
-15
D&I | Amsicora
0:33 Loom
9:53 Feudal Age
9:54 Man-at-Arms
10:34 Double-Bit Axe
14:35 Horse Collar
15:06 Fletching
16:31 Padded Archer Armor
22:24 Castle Age
22:16 Scale Mail Armor
23:22 Elite Skirmisher
24:18 Leather Archer Armor
24:00 Bodkin Arrow
26:48 Scale Mail Armor
28:36 Chain Mail Armor
38:07 Forging
38:18 Squires
39:33 Iron Casting
39:43 Gold Mining
Noël Flantier
0:32 Loom
9:19 Feudal Age
10:02 Double-Bit Axe
15:31 Fletching
22:15 Castle Age
20:26 Scale Mail Armor
20:37 Forging
20:47 Gold Mining
22:30 Eagle Warrior
23:59 Bow Saw
24:14 Chain Mail Armor
24:20 Arson
24:48 Squires
27:23 Wheelbarrow
26:30 Horse Collar
27:40 Bodkin Arrow
28:22 Iron Casting
31:54 Town Watch
32:42 Man-at-Arms
34:31 Long Swordsman
38:55 Imperial Age
36:56 Stone Mining
38:05 Ballistics
38:49 Heavy Plow
39:40 Hand Cart
39:16 Two-Handed Swordsman
40:31 Plate Mail Armor
41:51 Chemistry
42:18 Blast Furnace
Connection lost

Rejoining the realm…

Still unreachable

The connection could not be restored.

Session expired

The server has moved on; the page needs a fresh start.